 Dungeon Crawl Stone Soup version 0.28-a0-909-g796cbd3a86 (webtiles) character file.

Game seed: 12668903960629679288

42 siradein the Gusty (level 3, 0/26 HPs)
             Began as a Draconian Air Elementalist on Nov 24, 2021.
             Frozen to death by an endoplasm (2 damage)
             ... on level 1 of the Dungeon.
             The game lasted 00:06:12 (1943 turns).

siradein the Gusty (Draconian Air Elementalist)     Turns: 1943, Time: 00:06:13

Health: 0/26       AC:  5    Str: 10    XL:     3   Next: 35%
Magic:  6/6        EV: 12    Int: 16    God:
Gold:   25         SH:  0    Dex: 11    Spells: 0/6 levels left

rFire   . . .      SeeInvis .   (no weapon)
rCold   . . .      Faith    .   (no shield)
rNeg    . . .      Spirit   .   (armour unavailable)
rPois   .          Reflect  .   (helmet restricted)
rElec   .          Harm     .   (no cloak)
rCorr   .          Rampage  .   (no gloves)
Will    .....                   (no boots)
Stlth   ++........              (no amulet)
HPRegen 0.08/turn               (no ring)
MPRegen 0.10/turn               (no ring)

@: no status effects
A: AC +5, unfitting armour, cold-blooded
a: no special abilities


You were on level 1 of the Dungeon.
You visited 1 branch of the dungeon, and saw 2 of its levels.

You collected 25 gold pieces.

Inventory:

Scrolls
 a - a scroll of teleportation {unknown}
 b - a scroll of identify {unknown}
Potions
 c - a potion of ambrosia {unknown}
 d - a potion of curing {unknown}


   Skills:
 + Level 2.4 Dodging
 - Level 1.7 Stealth
 + Level 2.3 Spellcasting
 + Level 1.7 Conjurations
 + Level 3.4 Air Magic


You couldn't memorise any spells.
You knew the following spells:

 Your Spells              Type           Power      Damage    Failure   Level
a - Shock                 Conj/Air       40%        1d5       7%          1
b - Static Discharge      Conj/Air       10%        N/A       11%         2
c - Swiftness             Air            12%        N/A       14%         3

Your spell library contained the following spells:

 Spells                   Type           Power      Damage    Failure   Level
 Airstrike                Air            6%         N/A       43%         4


Dungeon Overview and Level Annotations

Branches:
Dungeon (2/15)

Altars:


Innate Abilities, Weirdness & Mutations

Your plain brown scales are hard. (AC +5)
You cannot fit into any form of body armour.
You are cold-blooded and may be slowed by cold attacks.


Message History

You are too injured to fight recklessly!
You hit the jackal.
You kill the jackal!
There is a stone staircase leading down, spattered with blood here.
You start resting.
Magic restored.
You can't go up here!
You climb downwards.
The jackal barely misses you. x2
There is a stone staircase leading up here.
The jackal bites you but does no damage.
The endoplasm freezes you.
You are frozen.
You feel yourself slow down. The jackal bites you.
You climb upwards.
There is a stone staircase leading down, spattered with blood here.
The endoplasm freezes you.
You are frozen.
The jackal bites you.
* * * LOW HITPOINT WARNING * * *
The jackal bites you.
* * * LOW HITPOINT WARNING * * *
The endoplasm freezes you.
You are frozen.
* * * LOW HITPOINT WARNING * * *
Things that are here:
a +0 dagger; a goblin skeleton; a quokka skeleton Unknown command.
The jackal misses you.
Aiming: Shock (safe; 7% risk of failure)
Press: ? - help, Q - select action, (/) - cycle Shift-Dir - straight line The zap hits the jackal.
The jackal is almost dead.
The zap hits the jackal.
You kill the jackal!
You feel yourself speed up. The endoplasm freezes you.
You are frozen.
* * * LOW HITPOINT WARNING * * *
The endoplasm jiggles.
The endoplasm freezes you.
You are frozen.
You die...

##### #.... #.... ###########
#.... #.........# #....
#####.........# #....
..............## ###..
...............################..
...............J@................
.........##.....#################
.........######.## .........#
#..# ##### #######'##
##'#####...#### #.#
#.......#.'..# #.# ###########..#
#.# ♣♣ ♣♣ ♣♣ ♣♣ #..#
#'##################..#


You could see an endoplasm.

Vanquished Creatures
  A dart slug (D:1)
  An endoplasm (D:1)
  A giant cockroach (D:1)
  4 goblins (D:1)
  3 hobgoblins (D:1)
  6 jackals
  A kobold (D:1)
  5 quokkas (D:1)
  3 ball pythons (D:1)
  3 bats (D:1)
  2 frilled lizards (D:1)
  6 rats (D:1)
36 creatures vanquished.

Notes
Turn   | Place    | Note
-------+----------+-------------------------------------------
     0 | D:1      | siradein the Draconian Air Elementalist began the quest for
                  | the Orb.
     0 | D:1      | Reached XP level 1. HP: 14/14 MP: 3/3
   243 | D:1      | You fall into a shaft and drop 1 floor!
   586 | D:1      | Reached XP level 2. HP: 12/20 MP: 1/5
  1475 | D:1      | Reached XP level 3. HP: 26/26 MP: 3/6
  1651 | D:1      | Learned a level 2 spell: Static Discharge
  1655 | D:1      | Learned a level 3 spell: Swiftness
  1924 | D:1      | HP: 1/26 [frozen (3)]
  1943 | D:1      | Frozen to death by an endoplasm

Illustrated notes

Levels and vault maps discovered:
D:1:      beargit_arrival_diablo_church, layout_basic
D:2:      layout_rooms

Skill      XL: |  1 |
---------------+----+-----
Dodging        | 2 |  2.4
Stealth        | |  1.7
Spellcasting   | |  2.3
Conjurations   | |  1.7
Air Magic      | |  3.4

Action                   || total
-------------------------++-------
Melee: Unarmed           ||    52
       Tailslap          ||     4
 Cast: Shock             ||    69
Armor: Skin              ||    34
Dodge: Dodged            ||    76

Table legend: (Time is in decaauts)
 A = Elapsed time spent in this place.
 B = Non-inter-level travel time spent in this place.
 C = Inter-level travel time spent in this place.
 D = Time resting spent in this place.
 E = Time spent auto-exploring this place.
 F = Levels seen in this place.
 G = Mean time per level.
                   A        B        C        D        E       F      G
               +--------+--------+--------+--------+--------+-----+--------+
         Total |   1949 |   1923 |     26 |    223 |   1391 |   2 |  974.5 |
       Dungeon |   1949 |   1923 |     26 |    223 |   1391 |   2 |  974.5 |
               +--------+--------+--------+--------+--------+-----+--------+

Top non-repeatable levels by time:
     D:1: 1906 daAuts
     D:2: 42 daAuts
